Map: Kairos Junction LE

Players

liquidthermy (uThermal) - Winner!

  • Race: Terran Terran
  • League: Master
  • Spawn Location: 11:00

LiquidSnute (Snute)

  • Race: Zerg Zerg
  • Spawn Location: 5:00

Event: IEM Season 13 - Katowice Server Qualifiers Europe

VOD

Have the link to the VOD?

Description

Time

  • Played on: Jan. 8, 2019, 9:45 a.m.
  • Length: 9:17

All games in this series

Show
View Real Time Build Order
Export as new Build Order

liquidthermy Terran - Winner!

Build Orders: Reaper Expand, Hellion Banshee 

Get SALT Encoding   

  12  0:01  SCV  
  13  0:13  SCV  
  14  0:17  Supply Depot  
  14  0:25  SCV  
  15  0:38  SCV  
  15  0:39  Barracks  
  16  0:44  Refinery  
  16  0:50  SCV  
  17  1:02  SCV  
  18  1:14  SCV  
  19  1:27  Reaper  
  19  1:28  Orbital Command  
  20  1:39  Command Center  
  20  1:48  Supply Depot  
  20  1:53  SCV  
  21  1:59  Marine  
  22  2:06  SCV  
  23  2:08  Factory  
  23  2:12  Refinery  
  23  2:18  SCV  
  23  2:22  Barracks Reactor  
  24  2:30  SCV  
  25  2:42  SCV  
  26  2:54  Starport  
  26  2:55  SCV, Orbital Command  
  27  3:04  Barracks Tech Lab, Hellion x2  
  31  3:07  SCV  
  32  3:15  Supply Depot  
  32  3:20  SCV  
  32  3:22  SCV  
  32  3:26  Hellion x2  
  38  3:33  SCV  
  39  3:35  Cloaking Field, Viking  
  39  3:37  SCV  
  42  3:45  SCV  
  42  3:48  Hellion x2  
  47  3:55  SCV, Supply Depot  
  48  3:57  SCV  
  49  4:03  Barracks Tech Lab  
  49  4:05  Banshee  
  52  4:17  SCV  
  53  4:18  Command Center  
  53  4:19  SCV  
  53  4:22  Marine  
  53  4:23  Factory Reactor, Stimpack  
  55  4:29  SCV  
  56  4:31  SCV  
  56  4:32  Barracks  
  57  4:40  Marine  
  57  4:41  SCV  
  57  4:43  Bunker  
  59  4:47  Bunker  
  59  4:52  SCV  
  59  4:55  Barracks  
  59  4:58  Marine  
  60  5:00  SCV  
  60  5:05  Starport Reactor  
  60  5:07  Siege Tank  
  62  5:10  SCV  
  62  5:12  SCV  
  53  5:15  Supply Depot  
  53  5:16  Marine  
  50  5:22  SCV  
  50  5:25  SCV  
  50  5:27  Supply Depot  
  52  5:32  Command Center  
  52  5:33  Marine x2  
  54  5:36  SCV, Supply Depot  
  54  5:39  Siege Tank  
  54  5:40  SCV  
  54  5:42  Medivac  
  60  5:46  Supply Depot  
  60  5:47  Marine  
  60  5:48  Marine, SCV  
  63  5:52  SCV  
  63  5:54  Marine  
  65  6:00  Medivac  
  65  6:01  SCV  
  68  6:08  Engineering Bay  
  68  6:09  Engineering Bay  
  68  6:12  Marine, Refinery  
  68  6:13  Marine  
  68  6:14  Refinery  
  68  6:15  Marine  
  68  6:17  Marine  
  68  6:18  Marine  
  73  6:20  Medivac  
  73  6:22  SCV  
  76  6:30  Marine x2, Medivac  
  80  6:33  Marine  
  80  6:34  SCV  
  80  6:37  Supply Depot  
  82  6:40  Marine  
  82  6:42  SCV  
  84  6:49  Barracks x2  
  84  6:50  Combat Shield  
  84  6:51  Marine x2  
  86  6:58  Marine  
  86  6:59  SCV  
  86  7:00  Supply Depot  
  88  7:03  Terran Infantry Armor Level 1, Terran Infantry Weapons Level 1  
  88  7:09  Marine x2  
  88  7:10  Medivac  
  88  7:11  Marine x2  
  88  7:15  SCV  
  95  7:18  Medivac  
  95  7:21  Marine, SCV  
  99  7:27  Marine x2, SCV  
  101  7:30  Orbital Command  
  101  7:31  Marine  
  101  7:33  Marine, SCV  
  101  7:36  Marine  
  105  7:39  Marine, SCV  
  105  7:43  Siege Tank  
  110  7:48  Marine x2  
  110  7:50  Marine x2, SCV  
  106  7:53  Marine, Medivac  
  109  7:59  SCV  
  109  8:00  Armory, SCV  
  111  8:07  Marine  
  111  8:08  SCV  
  111  8:09  Supply Depot  
  111  8:10  Barracks Reactor x2  
  111  8:11  SCV, Medivac  
  116  8:15  SCV  
  117  8:23  Supply Depot  
  117  8:25  Supply Depot  
  117  8:31  Marine x5, SCV x2  
  117  8:32  Supply Depot  
  124  8:37  SCV  
  125  8:45  Siege Tank, Medivac  
  125  8:46  Sensor Tower  
  130  8:48  Marine x2  
  130  8:51  SCV  
  130  8:53  Marine x3  
  130  8:54  Marine  
  138  9:00  SCV  
  137  9:03  SCV  
  133  9:12  Command Center  
Show
View Real Time Build Order
Export as new Build Order

LiquidSnute Zerg 

Build Orders: Pool First, Muta Ling Bane 

Get SALT Encoding   

  12  0:00  Drone  
  13  0:12  Overlord  
  13  0:17  Drone  
  14  0:30  Drone x2  
  14  0:34  Drone  
  17  0:44  Spawning Pool  
  17  0:48  Drone  
  17  1:08  Hatchery  
  17  1:10  Drone  
  17  1:13  Drone  
  17  1:18  Extractor, Drone  
  18  1:31  Queen, Zergling x2  
  21  1:38  Overlord  
  21  1:49  Drone  
  22  2:00  Drone  
  23  2:06  Queen  
  25  2:11  Drone  
  25  2:19  Queen  
  25  2:20  Metabolic Boost  
  25  2:22  Drone x2  
  29  2:30  Drone  
  29  2:33  Drone  
  31  2:38  Drone  
  31  2:39  Extractor, Drone x2  
  31  2:44  Drone  
  34  2:46  Overlord  
  35  2:52  Overlord  
  35  2:53  Extractor  
  35  2:55  Drone  
  35  3:03  Overlord  
  36  3:06  Zergling x2  
  37  3:16  Zergling x2  
  37  3:17  Drone  
  39  3:20  Drone  
  39  3:26  Drone x5  
  44  3:29  Drone  
  44  3:32  Extractor  
  44  3:33  Overlord, Roach Warren  
  43  3:39  Hatchery  
  42  3:42  Drone  
  42  3:46  Drone  
  44  3:50  Drone  
  44  3:52  Drone  
  44  4:12  Overlord  
  44  4:13  Roach x3  
  44  4:14  Roach x4  
  58  4:25  Overlord  
  58  4:26  Zergling x2  
  59  4:32  Zergling x4  
  59  4:33  Zergling x2  
  59  4:38  Zergling x8  
  66  4:43  Zergling x2  
  66  4:44  Queen x2  
  69  4:50  Drone x2  
  69  4:51  Evolution Chamber x2, Drone  
  70  5:10  Drone x4  
  70  5:16  Drone x2  
  68  5:22  Drone x2  
  68  5:23  Drone  
  65  5:30  Zerg Ground Armor Level 1  
  65  5:31  Lair, Zerg Melee Weapons Level 1  
  65  5:32  Drone x2  
  65  5:34  Drone x3  
  65  5:35  Drone  
  69  5:42  Overlord  
  67  5:45  Queen  
  67  5:47  Spore Crawler  
  67  5:48  Spore Crawler  
  67  5:50  Spore Crawler  
  67  5:51  Drone x2  
  67  5:52  Drone  
  67  5:54  Drone  
  71  5:57  Drone  
  71  6:03  Drone x6  
  76  6:07  Drone x2  
  76  6:11  Drone x4  
  78  6:13  Spore Crawler  
  80  6:18  Drone  
  80  6:19  Extractor  
  80  6:21  Extractor, Drone x2  
  82  6:28  Queen  
  82  6:30  Spire  
  81  6:34  Baneling Nest, Hatchery  
  81  6:37  Drone x3  
  81  6:38  Overlord  
  81  6:49  Overlord x2  
  81  6:50  Drone  
  82  6:55  Overlord x2  
  82  6:59  Zergling x12  
  88  7:02  Hatchery  
  87  7:09  Zergling x2  
  87  7:10  Zergling x14  
  87  7:12  Overlord  
  95  7:20  Centrifical Hooks  
  92  7:25  Zergling x2  
  92  7:26  Zergling x6  
  92  7:32  Evolution Chamber x2  
  92  7:34  Zergling x8  
  92  7:35  Zergling x6  
  97  7:40  Zergling x2  
  97  7:41  Zergling x4  
  97  7:52  Drone x3  
  99  7:59  Mutalisk x4  
  99  8:00  Overseer  
  99  8:05  Zergling x10  
  108  8:06  Extractor  
  108  8:11  Drone x5  
  108  8:12  Drone x4  
  120  8:21  Spore Crawler, Zergling x4  
  121  8:30  Zergling x12  
  127  8:38  Drone  
  127  8:39  Queen  
  127  8:40  Hatchery  
  129  8:43  Zergling x14  
  129  8:44  Zergling x2  
  129  8:46  Overlord  

Tags
 
Add a new tag
Caveats
  • Supply blocks, unpowered buildings, or Contaminate may cause inaccurate times.
  • Supply counts are checked every 10 seconds.